 Dungeon Crawl Stone Soup version 0.16-a0-2736-g1697cd3 (webtiles) character file.

357 Ratboiler the Prestidigitator (level 6, -3/43 HPs)
             Began as a Formicid Artificer on Nov 26, 2014.
             Slain by an iguana (7 damage)
             ... on level 5 of the Dungeon.
             The game lasted 00:08:01 (5171 turns).

Ratboiler the Prestidigitator (Formicid Artificer)  Turns: 5171, Time: 00:08:02

Health: -3/43      AC:  6    Str: 15    XL:     6   Next: 96%
Magic:  16/16      EV:  9    Int: 12    God:
Gold:   80         SH:  0    Dex: 13    Spells: 1 memorised, 1 level left

rFire  . . .     SeeInvis +     a - +2 whip (distort)
rCold  . . .     Clarity  .     p - +0 ring mail
rNeg   . . .     SustAb   +     (no shield)
rPois  .         Gourm    .     (helmet unavailable)
rElec  .         Spirit   .     x - +0 cloak {MR+}
rCorr  .         Warding  .     (no gloves)
rMut   .         Stasis   +     (no boots)
MR     +....                    (no amulet)
Stlth  +.........               (no ring)
                                q - ring of sustain abilities

@: somewhat resistant to hostile enchantments, very unstealthy
A: permanent stasis, dig shafts and tunnels, four strong arms, antennae 3
a: Dig, Shaft Self


You were on level 5 of the Dungeon.
You were not hungry.

You visited 1 branch of the dungeon, and saw 5 of its levels.

You collected 119 gold pieces.
You spent 39 gold pieces at shops.

Inventory:

Hand weapons
 a - a +2 whip of distortion (weapon)
 b - a +0 hunting sling
 r - a +0 short sword
 A - a +0 blowgun
Missiles
 i - 40 sling bullets
 l - 11 arrows of frost
 u - 2 needles of frenzy
 B - 32 poisoned needles
Armour
 p - a +0 ring mail (worn)
 x - a +0 cloak of magic resistance (worn)
Jewellery
 q - a ring of sustain abilities (left hand)
Magical devices
 c - a wand of enslavement (15)
 d - a wand of random effects (15)
 n - a wand of flame (15)
 v - a wand of polymorph (10)
Scrolls
 g - 4 scrolls of remove curse
 j - 4 scrolls of identify {unknown}
 k - 2 scrolls of immolation {unknown}
 m - 2 scrolls of teleportation {unknown}
 o - a scroll of noise {unknown}
 s - a scroll of blinking {unknown}
 y - a scroll of enchant armour {unknown}
 C - a scroll of recharging {unknown}
Potions
 e - 2 potions of haste {unknown}
 t - a potion of mutation {unknown}
 w - a potion of confusion {unknown}
 z - a potion of restore abilities {unknown}
 D - a potion of curing
Books
 E - a book of Unlife

   Spells                             Type                      Level
   Recall                             Summoning/Translocation      3
   *Animate Dead                      Necromancy                   4
   Control Undead                     Necromancy                   4
   Cigotuvi's Embrace                 Necromancy                   5
   Death Channel                      Necromancy                   6
   Simulacrum                         Ice/Necromancy               6
Comestibles
 f - 2 bread rations
 h - 2 meat rations
 F - 2 chunks of flesh


   Skills:
 - Level 1.1 Fighting
 - Level 1.0 Short Blades
 + Level 1.3 Maces & Flails
 - Level 1.0 Throwing
 - Level 1.8 Dodging
 - Level 1.2 Stealth
 - Level 8.0 Evocations


You had one spell level left.
You knew the following spells:

 Your Spells              Type           Power        Failure   Level  Hunger
a - Animate Dead          Necr           N/A          100%        4    #####..


Dungeon Overview and Level Annotations

Branches:
Dungeon (5/15)
 Temple: D:4-7

Altars:
Ashenzari
Elyvilon
Kikubaaqudgha
Qazlal
Xom
The Shining One

Shops:
D:4 *


Innate Abilities, Weirdness & Mutations

You are under a permanent stasis effect.
You can dig through walls and to a lower floor.
Your four strong arms can wield two-handed weapons with a shield.
You have a pair of large antennae on your head (SInv).


Message History

You are too injured to fight recklessly!
The centaur shoots an arrow.
The arrow barely misses you.
An iguana comes into view.
The iguana hisses angrily.
The iguana barely misses you.
You hit the iguana.
Space bends around the iguana.
The iguana is moderately wounded.
The iguana bites you!
* * * LOW HITPOINT WARNING * * *
You hit the iguana.
Space bends around the iguana.
The iguana is heavily wounded.
The iguana barely misses you.
You barely miss the iguana.
The iguana is heavily wounded.
The iguana bites you!
* * * LOW HITPOINT WARNING * * *
You hit the iguana but do no damage.
Space bends around the iguana.
The iguana is severely wounded.
The iguana bites you!
You die...

.... #..# #. #..# ##.#
##..####...
#.........###
#..<.......c.
#....###...{<
#####....###..l## .##.
#........##....@#......
#.###..............#
#.............##
#....##.#.((.#.###
....##.##.##...#.# ...
............# .
.............#
######........#
#.#....###


You could see an iguana.

Vanquished Creatures
  Crazy Yiuf (D:2)
  An orc priest (D:4)
  2 orc wizards
  A worker ant (D:3)
  3 gnolls (D:3)
  7 adders
  A giant mite (D:3)
  2 worms (D:2)
  3 giant geckos
  10 orcs
  4 bats
  3 giant cockroaches
  6 goblins
  12 hobgoblins
  13 jackals
  A giant gecko skeleton (D:4)
  5 giant newts
  A jackal skeleton (D:4)
  14 kobolds
  8 rats
98 creatures vanquished.

Vanquished Creatures (others)
  A hound skeleton (D:5)
  A worm (D:3)
  An orc (D:3)
  A giant cockroach (D:2)
  A bat (D:2)
5 creatures vanquished.

Grand Total: 103 creatures vanquished

Notes
Turn   | Place    | Note
--------------------------------------------------------------
     0 | D:1      | Ratboiler, the Formicid Artificer, began the quest for the Orb.
     0 | D:1      | Reached XP level 1. HP: 15/15 MP: 1/1
   118 | D:1      | Reached skill level 1 in Throwing
   126 | D:1      | Reached XP level 2. HP: 21/21 MP: 4/4
   277 | D:1      | Found a glowing golden altar of the Shining One.
   676 | D:1      | Reached skill level 4 in Evocations
   830 | D:1      | Reached XP level 3. HP: 26/26 MP: 6/6
  1546 | D:2      | Reached skill level 5 in Evocations
  1546 | D:2      | Reached XP level 4. HP: 8/32 MP: 8/8
  2628 | D:2      | Reached XP level 5. HP: 37/37 MP: 11/11
  2668 | D:2      | Noticed Crazy Yiuf
  2675 | D:2      | Killed Crazy Yiuf
  2675 | D:2      | Reached skill level 6 in Evocations
  2859 | D:3      | Found a shattered altar of Ashenzari.
  3454 | D:3      | Found a shimmering altar of Xom.
  3750 | D:3      | Reached skill level 7 in Evocations
  3750 | D:3      | Reached XP level 6. HP: 43/43 MP: 15/15
  4485 | D:4      | Learned a level 4 spell: Animate Dead
  4608 | D:4      | Reached skill level 8 in Evocations
  4610 | D:4      | Found a stormy altar of Qazlal.
  4612 | D:4      | Found a white marble altar of Elyvilon.
  4613 | D:4      | Found an ancient bone altar of Kikubaaqudgha.
  4868 | D:4      | Found Phuuthim's General Store.
  4877 | D:4      | Reached skill level 1 in Maces & Flails
  4960 | D:4      | Bought a potion of curing for 39 gold pieces
  5149 | D:5      | Entered Level 5 of the Dungeon
  5171 | D:5      | Slain by an iguana

Action                   |  1- 3 |  4- 6 || total
-------------------------+-------+-------++-------
Melee: Short sword       |    81 |       ||    81
       Whip              |    35 |   235 ||   270
       Unarmed           |       |     3 ||     3
  Use: Scroll            |       |     1 ||     1
  Eat: Chunk             |     2 |    10 ||    12
       Pizza             |       |     1 ||     1
